 Dungeon Crawl Stone Soup version 0.19-a0-1740-g0bcaf2e (webtiles) character file.

3866 Lochraine the Conjurer (level 9, -5/74 HPs)
             Began as a Pale Draconian Warper on Sept 30, 2016.
             Was a Priest of Vehumet.
             Slain by a centaur warrior (11 damage)
             ... on level 9 of the Dungeon on Oct 1, 2016.
             The game lasted 00:52:49 (8869 turns).

Lochraine the Conjurer (Pale Draconian Warper)      Turns: 8869, Time: 00:52:50

Health: -5/74      AC:  8    Str: 13    XL:     9   Next: 99%
Magic:  7/15       EV: 15    Int: 15    God:    Vehumet [***...]
Gold:   415        SH:  0    Dex: 13    Spells: 7 memorised, 3 levels left

rFire  + . .     SeeInvis .     m - +1 rapier (vamp)
rCold  x . .     Gourm    .     (armour unavailable)
rNeg   . . .     Faith    .     (no shield)
rPois  .         Spirit   .     (helmet restricted)
rElec  .         Dismiss  .     (no cloak)
rCorr  .         Reflect  .     u - +0 pair of gloves
MR     .....     Harm     .     (no boots)
Stlth  ++........               (no amulet)
                                (no ring)
                                O - ring of fire

@: short of breath, invisible
A: breathe steam, unfitting armour, cold-blooded, AC +7
a: Breathe Steam, Renounce Religion


You were on level 9 of the Dungeon.
You worshipped Vehumet.
Vehumet was most pleased with you.
You were near starving.

You visited 1 branch of the dungeon, and saw 9 of its levels.

You collected 415 gold pieces.

Inventory:

Hand Weapons
 a - a +0 spear
 l - a +5 dagger of pain
 m - a +1 vampiric rapier (weapon)
 y - a +1 dagger of venom
 K - a cursed +3 long sword
 P - a +0 glaive
Armour
 u - a +0 pair of gloves (worn)
Jewellery
 O - a ring of fire (left hand)
Wands
 B - a wand of disintegration (4/24)
 D - a wand of iceblast (5/15)
 H - a wand of flame (11/48)
 N - a wand of random effects (22/48)
 Q - a wand of random effects (37/48)
 U - a wand of flame (17/48)
Scrolls
 c - 2 scrolls of blinking
 d - a scroll of magic mapping {unknown}
 e - 2 scrolls of identify
 h - a scroll of fog {unknown}
 i - 2 scrolls of immolation
 j - a scroll of enchant armour {unknown}
 p - 2 scrolls of enchant weapon
 s - 6 scrolls of teleportation
 t - 4 scrolls of remove curse
 v - 3 scrolls of amnesia
 w - a scroll of recharging {unknown}
 G - a scroll of noise {unknown}
 J - a scroll of fear {unknown}
 M - 2 scrolls of acquirement {unknown}
 T - a scroll of vulnerability {unknown}
Potions
 g - a potion of magic
 k - 2 potions of flight
 n - 3 potions of curing
 q - a potion of invisibility
 r - 2 potions of might
 x - a potion of agility
 A - a potion of brilliance
 C - 3 potions of haste {unknown}
 E - a potion of cure mutation
 F - 4 potions of lignification
 I - a potion of cancellation {unknown}
Books
 b - a book of Spatial Translocations

   Spells                             Type                      Level
   a - Apportation                    Translocation                1
   b - Blink                          Translocation                2
   c - Shroud of Golubria             Charms/Translocation         2
   d - Portal Projectile              Translocation                3
   e - Teleport Other                 Translocation                3
   f - Passage of Golubria            Translocation                4
 L - a book of Maledictions

   Spells                             Type                      Level
   a - Corona                         Hexes                        1
   b - Ensorcelled Hibernation        Hexes/Ice                    2
   c - Confuse                        Hexes                        3
   d - Tukima's Dance                 Hexes                        3
   e - Dazzling Spray                 Conjuration/Hexes            3
Comestibles
 f - 11 bread rations
 o - 4 meat rations
 z - 4 fruits
 R - a beef jerky
 S - 9 slices of pizza


   Skills:
 - Level 5.3 Fighting
 - Level 5.1 Short Blades
 - Level 2.6 Polearms
 - Level 0.8 Throwing
 - Level 6.0 Dodging
 - Level 4.1 Stealth
 + Level 4.5 Spellcasting
 - Level 6.2 Conjurations
 - Level 3.6 Hexes
 - Level 1.3 Charms
 - Level 4.1 Translocations
 - Level 2.1 Poison Magic


You had 3 spell levels left.
You knew the following spells:

 Your Spells              Type           Power        Failure   Level  Hunger
a - Apportation           Tloc           ###.......   3%          1    None
b - Blink                 Tloc           N/A          6%          2    ##.....
c - Teleport Other        Tloc           ###.....     12%         3    ###....
d - Sting                 Conj/Pois      ###.         1%          1    None
e - Shroud of Golubria    Chrm/Tloc      ##........   12%         2    ##.....
f - Searing Ray           Conj           ###...       1%          2    ##.....
g - Dazzling Spray        Conj/Hex       ###...       2%          3    ###....


Dungeon Overview and Level Annotations

Branches:
Dungeon (9/15)             Temple (0/1) D:4
   Lair: D:8-11         Orc: D:9-12

Altars:
Fedhas
Qazlal
Sif Muna
Vehumet
Yredelemnul

Annotations:
D:5 holy777's ghost, amateur HaHu


Innate Abilities, Weirdness & Mutations

You can breathe blasts of scalding, opaque steam.
Your pale cyan-grey scales are hard. (AC +7)
You cannot fit into any form of body armour.
You are cold-blooded and may be slowed by cold attacks.


Message History

The centaur warrior is moderately wounded.
The centaur warrior is engulfed in a cloud of scalding steam.
The centaur warrior hits you!
* * * LOW HITPOINT WARNING * * *
You are too injured to fight recklessly!
Okay, then.
Casting: Dazzling Spray
Confirm with . or Enter, or press ? or * to list all spells.
Space distorts slightly along a thin shroud covering your body.
The centaur warrior hits you!
* * * LOW HITPOINT WARNING * * *
Your shroud falls apart!
The centaur warrior completely misses you.
Press: ? - help, v - describe, . - travel, g - get item
Here: a centaur warrior (heavily wounded)
An arrow.
The floor, spattered with blood.
You fade into invisibility!
The centaur warrior hits you!
You die...

######## #.....)#
#.####.#
###.####.#
#<....##.#
#.#.#.##@#
...#.....c#
#######......./...
#######..#.# ...#
.c. .. .


You could see a centaur warrior.

Vanquished Creatures
  The ghost of Avanven the Insei, a novice DgTm (D:6)
  Psyche (D:8)
  A spriggan (D:8)
  Duvessa (D:6)
  An orc warrior (D:8)
  2 ice beasts
  2 phantoms
  5 ogres
  A centaur (D:8)
  3 bullfrogs
  Dowan (D:6)
  2 scorpions
  3 killer bees (D:8)
  7 wights (D:8)
  A howler monkey (D:8)
  A bullfrog zombie (D:3)
  6 crimson imps
  A human zombie (D:6)
  3 jellies
  A hound (D:6)
  An orc priest (D:8)
  8 orc wizards
  An iguana (D:6)
  3 worker ants
  2 hound zombies
  4 gnolls
  A howler monkey skeleton (D:5)
  A river rat (D:5)
  13 adders
  A shadow imp (D:5)
  3 oozes
  2 adder skeletons
  3 worms
  A dart slug (D:1)
  5 leopard geckos
  39 orcs
  2 ball pythons (D:5)
  21 giant cockroaches
  6 goblins (D:2)
  7 hobgoblins
  11 jackals
  4 quokkas
  5 bats (D:3)
  8 frilled lizards
  12 kobolds
  A quokka skeleton (D:3)
  10 rats
219 creatures vanquished.

Vanquished Creatures (others)
  A sky beast (D:8)
1 creature vanquished.

Grand Total: 220 creatures vanquished

Notes
Turn   | Place    | Note
-------+----------+-------------------------------------------
     0 | D:1      | Lochraine the Draconian Warper began the quest for the Orb.
     0 | D:1      | Reached XP level 1. HP: 17/17 MP: 3/3
   299 | D:1      | Reached XP level 2. HP: 21/24 MP: 5/5
   340 | D:1      | Learned a level 2 spell: Blink
   499 | D:1      | Reached XP level 3. HP: 26/29 MP: 6/6
   845 | D:2      | Learned a level 3 spell: Teleport Other
  1009 | D:2      | Reached XP level 4. HP: 24/36 MP: 7/7
  2008 | D:3      | Reached XP level 5. HP: 42/42 MP: 9/9
  2283 | D:3      | Found a radiant altar of Vehumet.
  2286 | D:3      | Became a worshipper of Vehumet
  3484 | D:4      | Noticed an ogre
  3498 | D:4      | Killed an ogre
  3498 | D:4      | Reached XP level 6. HP: 51/51 MP: 10/10
  3681 | D:4      | Found a staircase to the Ecumenical Temple.
  4173 | D:5      | Entered Level 5 of the Dungeon
  4264 | D:5      | Noticed holy777's ghost (amateur HaHu)
  4364 | D:5      | Upgraded the game from 0.19-a0-1732-g0b18a7b to 0.19-a0-1740-g0bcaf2e
  4460 | D:5      | Your scales start taking on a pale cyan-grey colour.
  4460 | D:5      | Reached XP level 7. HP: 50/57 MP: 11/11
  4505 | D:5      | Reached * piety under Vehumet
  4505 | D:5      | Offered knowledge of Sting by Vehumet.
  4520 | D:4      | Learned a level 1 spell: Sting
  4968 | D:5      | Reached skill level 1 in Conjurations
  4996 | D:5      | Reached skill level 1 in Poison Magic
  5713 | D:6      | Reached XP level 8. HP: 40/63 MP: 12/12
  5867 | D:6      | Learned a level 2 spell: Shroud of Golubria
  5962 | D:6      | Reached ** piety under Vehumet
  5962 | D:6      | Reached skill level 1 in Charms
  5962 | D:6      | Offered knowledge of Searing Ray by Vehumet.
  5966 | D:6      | Learned a level 2 spell: Searing Ray
  6159 | D:6      | Noticed Duvessa
  6159 | D:6      | Noticed Dowan
  6170 | D:6      | Killed Dowan
  6170 | D:6      | Reached skill level 5 in Conjurations
  6185 | D:6      | Killed Duvessa
  6256 | D:6      | Found a sand-covered staircase.
  6367 | D:6      | Reached skill level 1 in Short Blades
  6415 | D:6      | Noticed Avanven's ghost (novice DgTm)
  6442 | D:6      | Killed Avanven's ghost
  6442 | D:6      | Reached XP level 9. HP: 59/71 MP: 9/13
  6574 | D:6      | Found a stormy altar of Qazlal.
  6631 | D:6      | Found a deep blue altar of Sif Muna.
  6736 | D:7      | Reached skill level 5 in Short Blades
  6917 | D:7      | Found a blossoming altar of Fedhas.
  7476 | D:7      | Reached skill level 5 in Fighting
  7480 | D:7      | Offered knowledge of Throw Flame by Vehumet.
  7485 | D:7      | Learned a level 3 spell: Dazzling Spray
  7819 | D:8      | Reached skill level 1 in Hexes
  7822 | D:8      | Reached *** piety under Vehumet
  7882 | D:8      | Noticed Psyche
  7901 | D:8      | Killed Psyche
  8006 | D:8      | Found a runed door.
  8059 | D:8      | Reached skill level 5 in Dodging
  8142 | D:8      | Found a basalt altar of Yredelemnul.
  8206 | D:8      | Offered knowledge of Sticky Flame by Vehumet.
  8858 | D:9      | Noticed a centaur warrior
  8869 | D:9      | Slain by a centaur warrior

Vault maps used:
D:1:      scummos_arrival_forest, serial_forest, infiniplex_forest_clump_curved,
          infiniplex_forest_clump_diagonal, infiniplex_forest_side_room,
          infiniplex_forest_lined_4_way, infiniplex_forest_clump_cross
D:2:      st_stairs_4, lemuel_old_faithful
D:3:      minmay_roachtagon, overflow_temple_1_default
D:4:      mumra_celtic_spiral_tile
D:5:      portal_sewer_entry_e, first_bread
D:6:      lemuel_coloured_pillars_altar, serial_curves, eino_curves_04,
          eino_curves_03, enter_ossuary_3, grunt_qazlal_sundering, uniq_duvessa
D:7:      nicolae_overflow_crystal_walls, serial_curves, eino_curves_02,
          eino_curves_03, eino_curves_02
D:8:      grunt_pizzeria, dk_yredelemnul_ordeal, uniq_psyche
D:9:      lemuel_crystal_altar, uniq_grum

Skill      XL: |  1  2  3  4  5  6  7  8  9 |
---------------+----------------------------+-----
Translocations | 4 |  4.1
Spellcasting   | 3 4 |  4.5
Fighting       | 3 4 5 |  5.3
Dodging        | 3 4 6 |  6.0
Stealth        | 2 4 |  4.1
Conjurations   | 4 6 |  6.2
Poison Magic   | 2 |  2.1
Charms         | 1 |  1.3
Short Blades   | 4 5 |  5.1
Hexes          | 3 |  3.6
Polearms       | |  2.6
Throwing       | |  0.8

Action                   |  1- 3 |  4- 6 |  7- 9 || total
-------------------------+-------+-------+-------++-------
Melee: Spear             |   156 |    69 |       ||   225
       Tailslap          |    18 |    30 |    61 ||   109
       Dagger            |       |   273 |   234 ||   507
       Rapier            |       |       |   221 ||   221
Throw: Tomahawk          |       |     5 |       ||     5
 Cast: Teleport Other    |       |     2 |     1 ||     3
       Blink             |       |     1 |     1 ||     2
       Sting             |       |       |    10 ||    10
       Searing Ray       |       |       |    11 ||    11
       Shroud of Golubri |       |       |     2 ||     2
       Dazzling Spray    |       |       |     5 ||     5
 Abil: Breathe Steam     |       |       |    30 ||    30
Evoke: Wand              |       |       |     1 ||     1
  Use: Scroll            |       |     1 |    15 ||    16
       Potion            |       |       |     4 ||     4
 Stab: Sleeping          |     1 |     1 |     9 ||    11
  Eat: Chunk             |       |    12 |    19 ||    31
       Bread ration      |       |       |     1 ||     1
Armor: Skin              |    45 |    84 |    96 ||   225
Dodge: Dodged            |    76 |   183 |   253 ||   512
